 Dungeon Crawl Stone Soup version 0.23-a0-417-gf02c810438 (webtiles) character file.

23 LostNumber the Caller (level 2, -3/19 HPs)
             Began as a Mummy Summoner on Nov 10, 2018.
             Killed from afar by Sigmund (15 damage)
             ... with a puff of flame
             ... on level 2 of the Dungeon.
             The game lasted 00:04:39 (1692 turns).

LostNumber the Caller (Mummy Summoner)              Turns: 1692, Time: 00:04:40

Health: -3/19      AC:  4    Str: 11    XL:     2   Next: 75%
Magic:  6/6        EV: 12    Int: 14    God:
Gold:   79         SH:  0    Dex: 12    Spells: 4/7 levels left

rFire    x . .     SeeInvis .   l - +0 spear
rCold    + . .     Gourm    .   (no shield)
rNeg     + + +     Faith    .   a - +0 robe
rPois    ∞         Spirit   .   (no helmet)
rElec    .         Reflect  .   f - +0 cloak
rCorr    .         Harm     .   d - +0 pair of gloves
MR       .....                  (no boots)
Stlth    ++........             (no amulet)
HPRegen  0.06/turn              (no ring)
MPRegen  0.10/turn              (no ring)

@: no status effects
A: no food or potions, fire vulnerability, cold resistance 1, negative energy
resistance 3, torment resistance, unbreathing
a: no special abilities


You were on level 2 of the Dungeon.
You were not hungry.

You visited 1 branch of the dungeon, and saw 2 of its levels.

You collected 79 gold pieces.

Inventory:

Hand Weapons
 l - a +0 spear (weapon)
Armour
 a - a +0 robe (worn)
 d - a +0 pair of gloves (worn)
 f - a +0 cloak (worn)
Jewellery
 b - an uncursed ring of wizardry {unknown}
 i - an uncursed ring of protection from fire {unknown}
Scrolls
 c - 4 scrolls of identify
 e - a scroll of amnesia
 g - a scroll of teleportation {unknown}


   Skills:
 - Level 1.5 Dodging
 - Level 1.5 Stealth
 + Level 3.2 Spellcasting
 * Level 3.8 Summonings


You had 4 spell levels left.
You knew the following spells:

 Your Spells              Type           Power        Failure   Level  Hunger
a - Summon Small Mammal   Summ           ##..         4%          1    N/A
b - Call Imp              Summ           ##......     7%          2    N/A

Your spell library contained the following spells:

 Spells                   Type           Power        Failure   Level  Hunger
 Call Canine Familiar     Summ           ##......     13%         3    N/A
 Summon Guardian Golem    Hex/Summ       #.......     28%         3    N/A
 Summon Ice Beast         Ice/Summ       #.......     67%         4    N/A
 Summon Lightning Spire   Summ/Air       #.......     67%         4    N/A

Dungeon Overview and Level Annotations

Branches:
Dungeon (2/15)

Altars:

Annotations:
D:2 Sigmund


Innate Abilities, Weirdness & Mutations

You do not eat or drink.
Your flesh is vulnerable to fire.
You are immune to poison.
Your flesh is cold resistant. (rC+)
You are immune to negative energy. (rN+++)
You are immune to unholy pain and torment.
You can survive without breathing.


Message History

Done waiting.
You climb downwards.
Level annotation: Sigmund
There is a stone staircase leading up here.
Found a robe.
Found 26 arrows.
Found 8 gold pieces.
You see here 8 gold pieces.
Found a stone staircase leading down.
There is a stone staircase leading down here.
There is a stone staircase leading down here.
Sigmund is too close now for your liking.
Autopickup is now on.
Sigmund shouts!
Sigmund casts a spell at you. The magic dart hits you!
Sigmund casts a spell at you. The puff of flame hits you!
The fire burns you terribly!
Ouch! That really hurt!
You die...

.#......####.#.#..####.#......##.
........# #.#.................#.
.#......####.#.##.####.#......##.
.............#.##.## #.#......##.
.#.##..............###.#......##.
.#.##..#####.#...................
.#.##.)##....#.....#.###.....###.
.#.##..#####.#.......# #.....# #.
................@....# #####.# #.
..........##.........#######.####
.................................
.####..##.##..#....#..######..###
...##.........#....#..######..###
...##.###.###.#....#..##........#
...#....#.###......#..##........#
...#..........@.......##........#
...#............................#


You could see Sigmund.

Vanquished Creatures
  A bat (D:1)
  A giant cockroach (D:1)
  4 goblins
  A hobgoblin (D:1)
  2 ball pythons (D:1)
9 creatures vanquished.

Vanquished Creatures (collateral kills)
  An adder (D:2)
  A leopard gecko (D:1)
  A giant cockroach (D:1)
  A hobgoblin (D:1)
  2 jackals (D:1)
  A kobold (D:1)
  A bat (D:1)
8 creatures vanquished.

Grand Total: 17 creatures vanquished

Notes
Turn   | Place    | Note
-------+----------+-------------------------------------------
     0 | D:1      | LostNumber the Mummy Summoner began the quest for the Orb.
     0 | D:1      | Reached XP level 1. HP: 13/13 MP: 4/4
   141 | D:1      | Reached XP level 2. HP: 6/19 MP: 4/6
   424 | D:1      | Learned a level 2 spell: Call Imp
  1047 | D:2      | Noticed Sigmund
  1692 | D:2      | Killed from afar by Sigmund

Vault maps used:
D:1:      noname_arrival_rooms_in_the_neighbourhood
D:2:      chequers_serial_rivers_micro_c, uniq_sigmund

Skill      XL: |  1 |
---------------+----+-----
Spellcasting   | 3 |  3.2
Dodging        | |  1.5
Stealth        | |  1.5
Summonings     | |  3.8

Action                   || total
-------------------------++-------
Melee: Unarmed           ||    13
       Dagger            ||    43
       Spear             ||    14
 Cast: Summon Small Mamm ||     6
       Call Imp          ||    12
  Use: Scroll            ||     7
 Stab: Sleeping          ||     1
Armor: Robe              ||    19
Dodge: Dodged            ||    49

Table legend:
 A = Non-vault XP
 B = Vault XP
 C = Vault XP percentage of total XP
 D = Non-vault monster count
 E = Vault monster count
 F = Vault count percentage of total count
                 A         B        C        D         E       F
            +---------+---------+-------+---------+---------+-------
      Total |      34 |       0 |   0.0 |      17 |       0 |   0.0
            +---------+---------+-------+---------+---------+-------
        D:1 |      26 |       0 |   0.0 |      15 |       0 |   0.0
        D:2 |       8 |       0 |   0.0 |       2 |       0 |   0.0
            +---------+---------+-------+---------+---------+-------
